 Dungeon Crawl Stone Soup version 0.27.1-33-g824d729ab1 (webtiles) character file.

Game seed: 10725222771530260971

44 vvl the Digger (level 3, -4/32 HPs)
             Began as a Troll Earth Elementalist on Dec 28, 2021.
             Killed from afar by Ijyb (18 damage)
             ... with a bolt of acid
             ... on level 2 of the Dungeon.
             The game lasted 00:02:50 (577 turns).

vvl the Digger (Troll Earth Elementalist)            Turns: 577, Time: 00:02:52

Health: -4/32      AC:  0    Str: 16    XL:     3   Next: 41%
Magic:  4/4        EV:  9    Int: 12    God:
Gold:   53         SH:  0    Dex: 10    Spells: 3/4 levels left

rFire    . . .     SeeInvis .     - Unarmed
rCold    . . .     Faith    .   (no shield)
rNeg     . . .     Spirit   .   b - +0 robe
rPois    .         Reflect  .   (helmet restricted)
rElec    .         Harm     .   (no cloak)
rCorr    .         Rampage  .   (gloves unavailable)
Will     .....                  (boots unavailable)
Stlth    +.........             (no amulet)
HPRegen  1.10/turn              (no ring)
MPRegen  0.09/turn              (no ring)

@: corroded
A: large, unfitting armour, claws 3, regeneration 1, shaggy fur 1, tough skin 1
a: no special abilities


You were on level 2 of the Dungeon.
You visited 1 branch of the dungeon, and saw 2 of its levels.

You collected 53 gold pieces.

Inventory:

Missiles
 c - 84 stones
Armour
 b - a +0 robe (worn)
Scrolls
 d - a scroll of noise {unknown}
 e - a scroll of silence {unknown}
 f - a scroll of identify {unknown}
Potions
 a - 2 potions of resistance {unknown}


   Skills:
 + Level 0.6 Fighting
 + Level 0.0 Throwing
 + Level 0.3 Armour
 + Level 1.7 Dodging
 - Level 1.0 Stealth
 * Level 1.2 Unarmed Combat
 + Level 1.3 Spellcasting
 * Level 0.9 Necromancy
 + Level 0.9 Transmutations
 + Level 2.8 Earth Magic


You had 3 spell levels left.
You knew the following spells:

 Your Spells              Type           Power      Damage    Failure   Level
a - Sandblast             Erth           14%        2d6       9%          1

Your spell library contained the following spells:

 Spells                   Type           Power      Damage    Failure   Level
 Passwall                 Tmut/Erth      4%         N/A       21%         2
 Stone Arrow              Conj/Erth      8%         3d7       43%         3
 Petrify                  Tmut/Erth      5%         N/A       78%         4


Dungeon Overview and Level Annotations

Branches:
Dungeon (2/15)

Altars:

Annotations:
D:2 Ijyb


Innate Abilities, Weirdness & Mutations

You are too large for most types of armour.
You have claws for hands.
Your natural rate of healing is unusually fast.
You are covered in fur. (AC +1)
You have tough skin. (AC +1)


Message History

The goblin hits you with a +0 dagger. The goblin hits you with a +0 club.
The ball python closely misses you. The ball python misses you.
A hobgoblin comes into view.
The hobgoblin shouts!
The ball python bites you but does no damage.
You scratch the ball python.
You kill the ball python!
You closely miss the goblin. The goblin hits you but does no damage.
You barely miss the goblin. The goblin hits you but does no damage.
You barely miss the goblin. The goblin hits you but does no damage.
You barely miss the goblin. The goblin hits you with a +0 club.
You closely miss the goblin. The goblin hits you with a +0 club.
You scratch the goblin but do no damage.
Ijyb screams, "Level is mine!
All mine!"
The goblin hits you but does no damage.
You barely miss the goblin. The goblin hits you but does no damage.
You claw the goblin!
You kill the goblin!
You barely miss the goblin. The goblin barely misses you.
You scratch the goblin.
You kill the goblin!
You claw the goblin!
You kill the goblin!
Ijyb barely misses you.
Items here: ))) †.
You scratch Ijyb.
Ijyb is lightly wounded.
Ijyb zaps a wand.
The bolt of acid hits you! The acid corrodes you!
You are splashed with acid.
You scratch Ijyb but do no damage.
Ijyb is lightly wounded.
Ijyb hits you with a +1 dagger of freezing.
Ijyb freezes you.
You scratch Ijyb but do no damage.
Ijyb is lightly wounded.
Ijyb zaps a wand.
The bolt of acid hits you!!
Ouch! That really hurt!
You die...

##### #...
#############.#
#.......@gggg.##
..#########g...#
#......#.##.#
#.###...g##.##
#.....g.g....#
#.......#g.#
#.......#..#
#8.....8#....
#.......#.##..


You could see Ijyb, a hobgoblin and 3 goblins.

Vanquished Creatures
  A dart slug (D:1)
  2 endoplasms (D:1)
  4 giant cockroaches (D:1)
  7 goblins
  6 hobgoblins (D:1)
  3 jackals (D:1)
  4 kobolds (D:1)
  3 ball pythons
  2 bats (D:1)
  3 frilled lizards (D:1)
  3 rats (D:1)
38 creatures vanquished.

Notes
Turn   | Place    | Note
-------+----------+-------------------------------------------
     0 | D:1      | vvl the Troll Earth Elementalist began the quest for the
                  | Orb.
     0 | D:1      | Reached XP level 1. HP: 16/16 MP: 1/1
    39 | D:1      | Reached XP level 2. HP: 7/24 MP: 2/2
   203 | D:1      | Reached skill level 1 in Unarmed Combat
   240 | D:1      | Reached XP level 3. HP: 21/31 MP: 2/4
   545 | D:2      | Noticed Ijyb
   577 | D:2      | Killed from afar by Ijyb

Illustrated notes

Levels and vault maps discovered:
D:1:      mrwooster_arrival_statue, layout_basic, supply_closet_lemuel,
          feat_on_display
D:2:      kennysheep_the_goblin_king, layout_basic

Skill      XL: |  1  2 |
---------------+-------+-----
Unarmed Combat | 1 |  1.2
Fighting       | |  0.6
Armour         | |  0.3
Dodging        | |  1.7
Stealth        | |  1.0
Spellcasting   | |  1.3
Necromancy     | |  0.9
Transmutations | |  0.9
Earth Magic    | |  2.8

Action                   || total
-------------------------++-------
Melee: Unarmed           ||   117
Armor: Robe              ||    63
Dodge: Dodged            ||    76
